 Dungeon Crawl Stone Soup version 0.22.1-1-ga44c0e5 (webtiles) character file.

30 Mechabyte the Stinger (level 3, 0/25 HPs)
             Began as a Demonspawn Venom Mage on Oct 30, 2018.
             Was an Initiate of Nemelex Xobeh.
             Slain by an adder (2 damage)
             ... on level 2 of the Dungeon.
             The game lasted 00:13:53 (1637 turns).

Mechabyte the Stinger (Demonspawn Venom Mage)       Turns: 1637, Time: 00:13:53

Health: 0/25       AC:  2    Str:  8    XL:     3   Next: 5%
Magic:  5/6        EV: 12    Int: 17    God:    Nemelex Xobeh [......]
Gold:   63         SH:  0    Dex: 13    Spells: 5/6 levels left

rFire    . . .     SeeInvis .   d - +0 dagger
rCold    . . .     Gourm    .   (no shield)
rNeg     . . .     Faith    .   a - +0 robe
rPois    .         Spirit   .   (helmet restricted)
rElec    .         Reflect  .   (no cloak)
rCorr    .         Harm     .   (no gloves)
MR       .....                  (no boots)
Stlth    ++........             (no amulet)
HPRegen  0.08/turn              (no ring)
MPRegen  0.10/turn              (no ring)

@: no status effects
A: horns 2
a: Renounce Religion


You were on level 2 of the Dungeon.
You worshipped Nemelex Xobeh.
Nemelex Xobeh was noncommittal.
You were hungry.

You visited 1 branch of the dungeon, and saw 3 of its levels.

You collected 63 gold pieces.

Inventory:

Hand Weapons
 d - a +0 dagger (weapon)
 n - a +2 mace of protection
Missiles
 g - 27 stones (quivered)
Armour
 a - a +0 robe (worn)
Scrolls
 e - 2 scrolls of blinking {unknown}
 f - a scroll of identify {unknown}
 i - a scroll of fog {unknown}
 j - a scroll of magic mapping {unknown}
 o - a scroll of remove curse {unknown}
Potions
 b - a potion of heal wounds {unknown}
 h - a potion of agility {unknown}
 k - a potion of mutation {unknown}
 l - a potion of haste {unknown}
 m - a potion of curing {unknown}
Miscellaneous
 p - a plain deck of summoning
Comestibles
 c - 3 rations


   Skills:
 + Level 0.3 Fighting
 + Level 0.1 Short Blades
 + Level 2.1 Dodging
 + Level 2.0 Stealth
 + Level 2.3 Spellcasting
 + Level 1.2 Conjurations
 + Level 3.3 Poison Magic


You had 5 spell levels left.
You knew the following spells:

 Your Spells              Type           Power        Failure   Level  Hunger
a - Sting                 Conj/Pois      #...         8%          1    #......

Your spell library contained the following spells:

 Spells                   Type           Power        Failure   Level  Hunger
 Poisonous Vapours        Pois/Air       #.....       14%         2    ###....
 Mephitic Cloud           Conj/Pois/Air  #.......     30%         3    ###....
 Olgreb's Toxic Radiance  Pois           ##......     43%         4    #####..
 Venom Bolt               Conj/Pois      #.........   90%         5    ######.


Dungeon Overview and Level Annotations

Branches:
Dungeon (3/15)

Altars:
Nemelex Xobeh


Innate Abilities, Weirdness & Mutations

You have a pair of horns on your head.


Message History

The sting misses the adder.
The adder barely misses you.
You hit the adder.
The adder is lightly wounded.
The adder closely misses you. The adder misses you.
You closely miss the adder. The adder barely misses you.
You closely miss the adder. Your headbutt misses the adder.
The adder closely misses you.
You hit the adder.
You headbutt the adder, but do no damage.
The adder is lightly wounded.
The adder closely misses you. The adder bites you.
* * * LOW HITPOINT WARNING * * *
You hit the adder but do no damage. Your headbutt misses the adder.
The adder is lightly wounded.
The adder barely misses you.
You barely miss the adder.
The adder is lightly wounded.
The adder bites you.
You die...
Your body disappears without a glow.

##.# ...#
#..# ...#
#..# #..#
#>.#
#####..#
#..@S..#
#....(...##
####.###.#
... ..# ###
#.# #.# #.#
.#


You could see an adder.

Vanquished Creatures
  A leopard gecko (D:1)
  7 bats
  4 giant cockroaches (D:1)
  3 hobgoblins
  2 frilled lizards (D:1)
  2 goblins
  4 kobolds
  6 rats
29 creatures vanquished.

Notes
Turn   | Place    | Note
-------+----------+-------------------------------------------
     0 | D:1      | Mechabyte the Demonspawn Venom Mage began the quest for the
                  | Orb.
     0 | D:1      | Reached XP level 1. HP: 13/13 MP: 3/3
   374 | D:1      | Gained mutation: You have a pair of small horns on your
                  | head. [demonic ancestry]
   374 | D:1      | Reached XP level 2. HP: 19/19 MP: 3/5
  1015 | D:2      | Found a sparkling altar of Nemelex Xobeh.
  1295 | D:2      | Gained mutation: You have a pair of horns on your head.
                  | [demonic ancestry]
  1295 | D:2      | Reached XP level 3. HP: 25/25 MP: 2/6
  1471 | D:2      | Became a worshipper of Nemelex Xobeh the Trickster
  1563 | D:2      | Received a gift from Nemelex Xobeh
  1637 | D:2      | Slain by an adder

Skill      XL: |  1 |
---------------+----+-----
Dodging        | 2 |  2.1
Stealth        | 2 |  2.0
Fighting       | |  0.3
Short Blades   | |  0.1
Spellcasting   | |  2.3
Conjurations   | |  1.2
Poison Magic   | |  3.3

Action                   || total
-------------------------++-------
Melee: Dagger            ||    86
       Unarmed           ||     2
       Headbutt          ||     5
 Cast: Sting             ||    40
 Stab: Sleeping          ||     1
  Eat: Chunk             ||     2
Armor: Robe              ||    34
Dodge: Dodged            ||    89
